 Dungeon Crawl Stone Soup version 0.28.0-53-g5a82cb258f (webtiles) character file.

Game seed: 13828875896753163251

32 DemonSlayer the Firebug (level 3, -8/24 HPs)
             Began as a Demonspawn Fire Elementalist on July 26, 2022.
             Killed from afar by Sigmund (9 damage)
             ... with a puff of flame
             ... on level 2 of the Dungeon.
             The game lasted 00:03:37 (2266 turns).

DemonSlayer the Firebug (DsFE)                      Turns: 2266, Time: 00:03:37

Health: -8/24      AC:  3    Str:  8    XL:     3   Next: 8%
Magic:  2/6        EV: 12    Int: 18    God:
Gold:   71         SH:  0    Dex: 13    Spells: 0/6 levels left

rFire   . . .      SeeInvis .   c - +0 hand axe
rCold   . . .      Faith    .   (no shield)
rNeg    . . .      Spirit   .   a - +1 robe
rPois   .          Reflect  .   (no helmet)
rElec   .          Harm     .   (no cloak)
rCorr   .          Rampage  .   (no gloves)
Will    .....                   (no boots)
Stlth   ++........              (no amulet)
HPRegen 0.08/turn               (no ring)
MPRegen 0.10/turn               (no ring)

@: about to teleport
A: demonic guardian 1
a: no special abilities


You were on level 2 of the Dungeon.
You visited 1 branch of the dungeon, and saw 2 of its levels.

You collected 71 gold pieces.

Inventory:

Hand Weapons
 c - a +0 hand axe (weapon)
Armour
 a - a +1 robe (worn)


   Skills:
 + Level 0.1 Fighting
 + Level 0.3 Axes
 + Level 2.0 Dodging
 + Level 2.0 Stealth
 + Level 2.1 Spellcasting
 + Level 1.2 Conjurations
 + Level 3.3 Fire Magic


You couldn't memorise any spells.
You knew the following spells:

 Your Spells              Type           Power      Damage    Failure   Level
a - Foxfire               Conj/Fire      40%        2x1d6     7%          1
b - Scorch                Fire           26%        2d6       7%          2
c - Conjure Flame         Conj/Fire      10%        6-21      22%         3

Your spell library contained the following spells:

 Spells                   Type           Power      Damage    Failure   Level
 Inner Flame              Hex/Fire       7%         N/A       26%         3
 Gell's Gravitas          Tloc           1%         N/A       47%         3
 Lesser Beckoning         Tloc           1%         N/A       47%         3
 Teleport Other           Tloc           1%         N/A       47%         3
 Flame Wave               Conj/Fire      10%        2d5       56%         4


Dungeon Overview and Level Annotations

Branches:
Dungeon (2/15)

Altars:
Makhleb

Annotations:
D:2 Sigmund


Innate Abilities, Weirdness & Mutations

A weak demonic guardian rushes to your aid.


Message History

You bump into the rock wall.
You bump into the rock wall.
You feel less confused.
Sigmund casts a spell.
Sigmund flickers and vanishes!
Deactivating autopickup; reactivate with Ctrl-A.
It was a potion of curing.
You feel better.
You hear some strange, mumbled words.
You are confused.
You bump into the rock wall.
You're too confused to cast spells.
You bump into the rock wall.
Something barely misses you.
A puff of flame appears from out of thin air!
The puff of flame hits you!
You bump into the rock wall.
A magic dart appears from out of thin air!
The magic dart hits you.
You bump into the rock wall.
You feel less confused.
As you read the scroll labelled UTTAYFROAWOBB, it crumbles to dust.
It is a scroll of enchant armour.
Your +0 robe glows green for a moment.
Something hits you.
As you read the scroll labelled ZIPIEK RUERE, it crumbles to dust.
It is a scroll of amnesia.
Really abort (and waste the scroll)?
Okay, then.
You hear some strange, mumbled words.
Something tries to affect you, but you resist.
As you read the scroll labelled IPTISCH UCIUPPIPSE, it crumbles to dust.
You feel strangely unstable.
It was a scroll of teleportation.
Something barely misses you.
You hear a zap.
A puff of flame appears from out of thin air!
The puff of flame hits you!
* * * LOW HITPOINT WARNING * * *
A demonic guardian appears!
You hear a zap.
A puff of flame appears from out of thin air!
The puff of flame hits you!
You die...

#.#.#.###+##.#
..........##.#
ยง###.#......#
.............#
..###.###.##.#
.)......##.#
###.#.####{#
.###.#5#....#
.......@...##
.....#.....####
.....#...)....#
. .....#......#
...###......#
#... ##.._..#
#.. #.....# #.#
#.....#####
##.###....##


You could see a friendly ufetubus (summoned, wandering).

Vanquished Creatures
  3 ball pythons (D:1)
  2 bats (D:1)
  3 endoplasms (D:1)
  A goblin (D:1)
  3 hobgoblins (D:1)
  3 jackals (D:1)
  5 kobolds
  3 rats (D:1)
23 creatures vanquished.

Vanquished Creatures (collateral kills)
  A ball python (D:1)
  A hobgoblin (D:2)
  A jackal (D:1)
  A kobold (D:1)
4 creatures vanquished.

Vanquished Creatures (others)
  78 foxfires
  5 fungi (D:2)
  3 plants (D:2)
86 creatures vanquished.

Grand Total: 113 creatures vanquished

Notes
Turn   | Place    | Note
-------+----------+-------------------------------------------
     0 | D:1      | DemonSlayer the Demonspawn Fire Elementalist began the
                  | quest for the Orb.
     0 | D:1      | Reached XP level 1. HP: 13/13 MP: 3/3
   310 | D:1      | Gained mutation: A weak demonic guardian rushes to your
                  | aid. [demonic ancestry]
   310 | D:1      | Reached XP level 2. HP: 5/19 MP: 0/5
   313 | D:1      | Learned a level 2 spell: Scorch
   437 | D:1      | Reached skill level 3 in Fire Magic
  1635 | D:1      | Reached XP level 3. HP: 11/24 MP: 6/6
  1965 | D:1      | Learned a level 3 spell: Conjure Flame
  2153 | D:2      | Found a burning altar of Makhleb.
  2235 | D:2      | Noticed Sigmund
  2265 | D:2      | HP: 1/24 [something/puff of flame (8)]
  2266 | D:2      | Killed from afar by Sigmund

Illustrated notes

Levels and vault maps discovered:
D:1:      matt_arrival_grand_opening, layout_loops_corners, minmay_octomino_e4
D:2:      layout_basic, serial_shops, nicolae_lakefront_shop,
          dreamdust_ecumenical_altar_hidden_monk_grotto, basic_altar,
          uniq_sigmund

Skill      XL: |  1  2  3 |
---------------+----------+-----
Dodging        | 2 |  2.0
Fire Magic     | 3 |  3.3
Stealth        | 2 |  2.0
Fighting       | |  0.1
Axes           | |  0.3
Spellcasting   | |  2.1
Conjurations   | |  1.2

Action                   || total
-------------------------++-------
Melee: Hand axe          ||    58
 Cast: Foxfire           ||    47
  Use: Scroll            ||     3
       Potion            ||     1
 Stab: Sleeping          ||     2
Armor: Robe              ||    11
Dodge: Dodged            ||    49
